 Dungeon Crawl Stone Soup version 0.23.2-30-g0e89c35649 (webtiles) character file.

Game seed: 3636578930384635233

10338 Gingernuke the Protected (level 11, -1/111 HPs)
             Began as a Minotaur Fighter on June 5, 2019.
             Was a High Priest of Okawaru.
             Slain by a titanic slime creature (83 damage)
             ... on level 11 of the Dungeon on June 7, 2019.
             The game lasted 00:47:25 (12569 turns).

Gingernuke the Protected (Minotaur Fighter)        Turns: 12569, Time: 00:47:28

Health: -1/111     AC: 21    Str: 28    XL:     11   Next: 34%
Magic:  10/10      EV:  7    Int:  8    God:    Okawaru [*****.]
Gold:   1287       SH: 13    Dex: 11    Spells: 10/10 levels left

rFire    . . .     SeeInvis .   K - +9 flail of Circular Logic {freeze, MR+ Str+2 Int+3}
rCold    . . .     Gourm    .   c - +0 shield
rNeg     . . .     Faith    .   j - +1 plate armour
rPois    .         Spirit   .   M - +2 hat
rElec    .         Reflect  .   (no cloak)
rCorr    .         Harm     .   E - +0 pair of gloves
MR       ++...                  (no boots)
Stlth    ..........             (no amulet)
HPRegen  0.28/turn              v - ring of protection from magic
MPRegen  0.12/turn              w - +3 ring of strength

@: no status effects
A: retaliatory headbutt, beak, horns 2, thin metallic scales 1, robust 1, wild
magic 1
a: Heroism, Finesse, Renounce Religion


You were on level 11 of the Dungeon.
You worshipped Okawaru.
Okawaru was extremely pleased with you.
You were not hungry.

You visited 2 branches of the dungeon, and saw 12 of its levels.
You also visited: Ossuary.

You collected 1287 gold pieces.

Inventory:

Hand Weapons
 K - the +9 flail of Circular Logic (weapon) {freeze, MR+ Str+2 Int+3}
   (You found it on level 10 of the Dungeon)

   It has been specially enchanted to freeze those struck by it, causing extra
   injury to most foes and up to half again as much damage against particularly
   susceptible opponents.
   It can also slow down cold-blooded creatures.
   It affects your strength (+2).
   It affects your intelligence (+3).
   It affects your resistance to hostile enchantments.
Armour
 c - a +0 shield (worn)
 j - a +1 plate armour (worn)
 E - a +0 pair of gloves (worn)
 M - a +2 hat (worn)
Jewellery
 v - a ring of protection from magic (left hand)
 w - a +3 ring of strength (right hand)
Wands
 e - a wand of iceblast (12)
 z - a wand of paralysis (19)
 D - a wand of polymorph (10)
 G - a wand of disintegration (7)
Scrolls
 a - 2 scrolls of teleportation {unknown}
 b - 3 scrolls of enchant armour
 h - 2 scrolls of fog
 i - 4 scrolls of remove curse
 n - 2 scrolls of immolation
 p - a scroll of noise {unknown}
 r - 2 scrolls of fear {unknown}
 s - 2 scrolls of blinking
 t - 2 scrolls of enchant weapon
 y - a scroll of magic mapping {unknown}
 L - a scroll of identify
Potions
 d - 3 potions of might
 g - a potion of heal wounds
 k - 2 potions of lignification
 l - a potion of berserk rage
 m - 6 potions of curing
 o - 3 potions of resistance
 q - 2 potions of ambrosia
 u - 2 potions of brilliance
 A - a potion of magic {unknown}
 B - 2 potions of cancellation
 F - a potion of agility
 J - a potion of degeneration {unknown}
Comestibles
 f - 25 rations


   Skills:
 + Level 10.8 Fighting
   Level 9.6(10.7) Axes
 + Level 7.8(9.9) Maces & Flails
 + Level 10.8 Armour
 + Level 10.8 Shields


You had 10 spell levels left.
You didn't know any spells.
Your spell library contained the following spells:

 Spells                   Type           Power        Failure   Level  Hunger
 Summon Butterflies       Summ           #.......     100%        1    ##.....
 Call Canine Familiar     Summ           #.......     100%        3    ####...
 Gell's Gravitas          Tloc           #.........   100%        3    ####...
 Portal Projectile        Hex/Tloc       #.....       100%        3    ####...
 Force Lance              Conj/Tloc      #.......     100%        4    #####..
 Summon Ice Beast         Ice/Summ       #.......     100%        4    #####..
 Summon Mana Viper        Hex/Summ       #.......     100%        5    ######.
 Dispersal                Tloc           #.........   100%        6    #######
 Summon Hydra             Summ           #.........   100%        7    #######
 Controlled Blink         Tloc           N/A          100%        8    #######
 Disjunction              Tloc           #.........   100%        8    #######


Dungeon Overview and Level Annotations

Branches:
Dungeon (11/15)            Temple (1/1) D:7            Lair (0/6) D:9
    Orc (0/2) D:10

Altars:
Ashenzari
Cheibriados
Dithmenos
Elyvilon
Fedhas
Gozag
Hepliaklqana
Kikubaaqudgha
Makhleb
Nemelex Xobeh
Okawaru
Qazlal
Ru
Sif Muna
Trog
Uskayaw
Vehumet
Wu Jian
Xom
Yredelemnul
Zin
The Shining One

Portals:
Trove: D:10 (give +4 storm dragon scales)

Annotations:
D:4 1 runed translucent door, Crazy Yiuf
D:6 1 runed translucent door, Colt1911's ghost, novice DrVM
D:7 1 runed translucent door, Tursa's ghost, amateur CeHu


Innate Abilities, Weirdness & Mutations

You reflexively headbutt those who attack you in melee.
You have a pair of horns on your head.
You have a beak for a mouth.
You are partially covered in thin metallic scales. (AC +2)
You are robust. (+10% HP)
Your spells are a little harder to cast, but a little more powerful.


Message History

You furiously retaliate!
You headbutt the titanic slime creature!
Press: ? - help, v - describe, . - travel
Here: a titanic slime creature (heavily wounded)
The floor.
You bludgeon the titanic slime creature!!
You freeze the titanic slime creature!
The titanic slime creature is severely wounded.
You block the titanic slime creature's attack.
You sock the titanic slime creature! You freeze the titanic slime creature!
You headbutt the titanic slime creature!
You peck the titanic slime creature!
The titanic slime creature is almost dead.
You sock the titanic slime creature! You freeze the titanic slime creature.
You headbutt the titanic slime creature.
You peck the titanic slime creature.
The titanic slime creature is almost dead.
The titanic slime creature hits you!!!!
Ouch! That really hurt!
You die...

... #.#
#.......>####..# #
#.#
#........##....#
..#
########.##.##.# .#
#.......# ####.####
#.# #.#
.##.#############.#
......J@..........#
....###############
.


You could see a titanic slime creature.

Vanquished Creatures
  Erolcha (D:9)
  Erica (D:8)
  An unseen horror (D:11)
  Maurice (D:9)
  A guardian mummy (D:10)
  A troll (D:11)
  A slime creature (D:11)
  2 hippogriffs (D:10)
  5 yaks (D:10)
  3 wyverns
  2 hungry ghosts (D:8)
  3 wargs (D:9)
  A water moccasin (D:7)
  An ice beast (D:8)
  4 phantoms
  6 orc warriors
  2 sky beasts
  8 ogres
  4 centaurs
  A big kobold (D:8)
  8 bullfrogs
  A wyvern zombie (D:9)
  2 scorpions (D:6)
  6 killer bees (D:9)
  A howler monkey (D:5)
  3 wights (D:7)
  A centaur zombie (D:8)
  2 bullfrog zombies
  4 crimson imps
  2 quasits
  3 hounds
  3 jellies
  13 orc wizards
  10 orc priests
  3 bullfrog skeletons
  A centaur skeleton (D:10)
  2 iguanas
  7 worker ants
  2 big kobold zombies (Ossuary)
  6 ogre zombies (D:10)
  A hound skeleton (D:11)
  2 mummies (Ossuary)
  A worker ant zombie (D:7)
  Robin (D:2)
  12 adders
  An ooze (D:3)
  4 adder skeletons
  6 worms
  5 leopard geckos
  39 orcs
  5 bats
  6 giant cockroaches
  14 hobgoblins
  12 jackals
  11 kobolds
  3 quokkas
  4 ball pythons
  5 frilled lizards
  9 goblins
  3 goblin skeletons (D:10)
  8 goblin zombies
  4 hobgoblin zombies
  A jackal skeleton (D:4)
  An orc skeleton (D:10)
  15 orc zombies
  2 quokka zombies
  4 rats
  2 bushes (D:4)
310 creatures vanquished.

Notes
Turn   | Place    | Note
-------+----------+-------------------------------------------
     0 | D:1      | Gingernuke the Minotaur Fighter began the quest for the
                  | Orb.
     0 | D:1      | Reached XP level 1. HP: 19/19 MP: 0/0
   158 | D:1      | Reached XP level 2. HP: 26/27 MP: 1/1
  1070 | D:2      | Noticed Robin
  1089 | D:2      | Reached XP level 3. HP: 31/33 MP: 2/2
  1280 | D:2      | You fall through a shaft for 2 floors!
  1629 | D:2      | Reached XP level 4. HP: 40/40 MP: 3/3
  1709 | D:2      | Killed Robin
  2195 | D:3      | Reached XP level 5. HP: 43/47 MP: 4/4
  2417 | D:3      | Found a snail-covered altar of Cheibriados.
  2438 | D:3      | Found an ornate altar of the Wu Jian Council.
  2460 | D:3      | Found a shadowy altar of Dithmenos.
  3044 | D:4      | Found a hazy altar of Hepliaklqana.
  3110 | D:4      | Found a runed translucent door.
  3111 | D:4      | Noticed Crazy Yiuf
  3929 | D:4      | Reached skill level 5 in Armour
  4149 | D:5      | Entered Level 5 of the Dungeon
  4268 | D:5      | Reached skill level 5 in Shields
  4268 | D:5      | Reached XP level 6. HP: 55/55 MP: 5/5
  4371 | D:5      | Reached skill level 5 in Maces & Flails
  4844 | D:5      | Reached skill level 5 in Fighting
  5232 | D:5      | Reached XP level 7. HP: 61/61 MP: 6/6
  5714 | D:6      | Found a glowing golden altar of the Shining One.
  5728 | D:6      | Found an opulent altar of Gozag.
  5732 | D:6      | Found a blossoming altar of Fedhas.
  5737 | D:6      | Found a shimmering altar of Xom.
  6088 | D:6      | Found a runed translucent door.
  6088 | D:6      | Found a shimmering altar of Xom.
  6088 | D:6      | Noticed a +2 scimitar of chaos
  6088 | D:6      | Noticed Colt1911's ghost (novice DrVM)
  6194 | D:6      | Reached XP level 8. HP: 68/70 MP: 7/7
  6245 | D:6      | Got a polished war axe
  6247 | D:6      | Identified the cursed +1 war axe of Eternal Vigilance
                  | {freeze, Stlth+} (You found it on level 6 of the Dungeon)
  6553 | D:6      | Reached skill level 1 in Axes
  6736 | D:7      | Found a runed translucent door.
  6736 | D:7      | Noticed Tursa's ghost (amateur CeHu)
  6836 | D:7      | Found a shattered altar of Ashenzari.
  7166 | D:7      | Found a sand-covered staircase.
  7176 | Ossuary  | Entered an ossuary
  7498 | D:7      | Found a staircase to the Ecumenical Temple.
  7637 | D:7      | Reached skill level 5 in Axes
  7652 | Temple   | Entered the Ecumenical Temple
  7681 | Temple   | Became a worshipper of Warmaster Okawaru
  8102 | D:8      | Noticed Erica
  8113 | D:8      | Killed Erica
  8113 | D:8      | Reached * piety under Okawaru
  8113 | D:8      | Reached XP level 9. HP: 47/80 MP: 8/8
  8367 | D:8      | Got a polished long sword
  8373 | D:8      | Gained mutation: You are partially covered in thin metallic
                  | scales. (AC +2) [potion of mutation]
  8373 | D:8      | Gained mutation: You have a beak for a mouth. [potion of
                  | mutation]
  8373 | D:8      | Gained mutation: Your spells are a little harder to cast,
                  | but a little more powerful. [potion of mutation]
  8373 | D:8      | Gained mutation: You are robust. (+10% HP) [potion of
                  | mutation]
  8519 | D:8      | Identified the cursed +0 long sword of Invincibility
                  | {flame, rF+ rC+} (You found it on level 8 of the Dungeon)
  9035 | D:8      | Reached ** piety under Okawaru
  9342 | D:9      | Found a stormy altar of Qazlal.
  9396 | D:9      | Found a white marble altar of Elyvilon.
  9440 | D:9      | Found a staircase to the Lair.
  9463 | D:9      | Reached XP level 10. HP: 75/99 MP: 9/9
  9558 | D:9      | Noticed Erolcha
  9576 | D:9      | Killed Erolcha
  9618 | D:9      | Reached *** piety under Okawaru
  9956 | D:9      | Upgraded the game from 0.23.2-11-gf996548c65 to
                  | 0.23.2-30-g0e89c35649
 10155 | D:9      | Noticed Maurice
 10170 | D:9      | Killed Maurice
 11048 | D:10     | Entered Level 10 of the Dungeon
 11128 | D:10     | Reached skill level 10 in Armour
 11149 | D:10     | Reached skill level 10 in Shields
 11202 | D:10     | Found a staircase to the Orcish Mines.
 11204 | D:10     | Reached skill level 10 in Fighting
 11229 | D:10     | Reached **** piety under Okawaru
 11308 | D:10     | Found a hazy altar of Hepliaklqana.
 11446 | D:10     | Reached XP level 11. HP: 102/110 MP: 10/10
 11476 | D:10     | Got a twisted flail
 11647 | D:10     | Identified the +9 flail of Circular Logic {freeze, MR+
                  | Str+2 Int+3} (You found it on level 10 of the Dungeon)
 11687 | D:10     | Found a portal to a secret trove of treasure.
 12214 | D:10     | Reached ***** piety under Okawaru
 12455 | D:11     | Killed an unseen horror
 12569 | D:11     | Slain by a titanic slime creature

Skill      XL: |  1  2  3  4  5  6  7  8  9 10 |
---------------+-------------------------------+-----
Shields        | 4 5 6 7 8 10 | 10.8
Armour         | 4 5 6 7 8 10 | 10.8
Fighting       | 4 5 6 7 8 10 | 10.8
Maces & Flails | 3 4 5 7 |  7.8
Axes           | 6 7 9 |  9.6

Action                   |  1- 3 |  4- 6 |  7- 9 | 10-12 || total
-------------------------+-------+-------+-------+-------++-------
Melee: Flail             |   121 |   349 |    46 |    82 ||   598
       Headbutt          |    19 |    96 |    50 |    68 ||   233
       War axe           |       |       |   191 |   224 ||   415
       Peck              |       |       |    10 |    72 ||    82
       Scimitar          |       |       |     5 |       ||     5
  Use: Scroll            |     4 |     3 |     9 |     2 ||    18
       Potion            |       |     4 |     1 |       ||     5
  Eat: Chunk             |     2 |     9 |    16 |    11 ||    38
       Ration            |       |     1 |       |       ||     1
Armor: Scale mail        |    27 |       |       |       ||    27
       Plate armour      |    29 |   151 |    98 |   148 ||   426
Dodge: Dodged            |    35 |    37 |    34 |    43 ||   149
Block: Shield            |    57 |   123 |   113 |   156 ||   449
